 Dungeon Crawl Stone Soup version 0.16.2-12-gd0ad4c3 (webtiles) character file.

121524 Burgundious the Severer (level 16, -12/149 HPs)
             Began as a Minotaur Berserker on Oct 8, 2015.
             Was the Champion of Trog.
             Mangled by a stone giant (24 damage)
             ... on level 1 of the Depths.
             The game lasted 01:54:44 (27964 turns).

Burgundious the Severer (Minotaur Berserker)       Turns: 27964, Time: 01:54:44

Health: -12/149    AC: 26    Str: 26    XL:     16   Next: 32%
Magic:  6/6        EV: 13    Int:  4    God:    Trog [******]
Gold:   271        SH:  0    Dex: 15    Spells: 0 memorised, 15 levels left

rFire  . . .     SeeInvis +     a - +7 battleaxe (chop)
rCold  + . .     Clarity  .     X - +0 plate armour
rNeg   . . .     SustAb   .     (no shield)
rPois  .         Gourm    +     (helmet restricted)
rElec  .         Spirit   .     N - +0 cloak
rCorr  +         Warding  .     Y - +2 pair of gloves "Ezum" {-Cast MR+ rCorr SInv}
rMut   .         Stasis   .     (no boots)
MR     ++++.     NoCast   +     W - amulet of the gourmand
Stlth  ..........               s - +3 ring of protection
                                t - +3 ring of slaying

@: exhausted, regenerating, slowed, very slow, incredibly resistant to hostile
enchantments, extremely unstealthy
A: retaliatory headbutt, horns 2, agile 1, cold resistance 1
a: Burn Spellbooks, Berserk, Trog's Hand, Brothers in Arms, Renounce Religion


You were on level 1 of the Depths.
You worshipped Trog.
Trog was exalted by your worship.
You were very full.

You visited 5 branches of the dungeon, and saw 29 of its levels.
You also visited: Labyrinth and Ice Cave.

You collected 3210 gold pieces.
You spent 2939 gold pieces at shops.

Inventory:

Hand weapons
 a - a +7 battleaxe of chopping (weapon)
 b - the +6 arbalest "Hellfire" {hellfire, rF++ rC- MR+}
   (You bought it in a shop on level 4 of the Orcish Mines)

   It greatly protects you from fire.
   It makes you vulnerable to cold.
   It affects your resistance to hostile enchantments.
 m - a +3 executioner's axe of freezing
 T - a +6 antimagic battleaxe
Missiles
 f - 29 poisoned bolts
 p - 38 bolts of frost
 D - 119 bolts
 I - 16 steel bolts
 S - 17 silver bolts
 U - 8 bolts of flame
 Z - 33 bolts of penetration
Armour
 N - a +0 cloak (worn)
 X - a +0 plate armour (worn)
 Y - the +2 pair of gloves "Ezum" (worn) {-Cast MR+ rCorr SInv}
   (You bought it in a shop on level 9 of the Dungeon)

   It affects your resistance to hostile enchantments.
   It enhances your eyesight.
   It prevents spellcasting.
   It protects you from acid and corrosion.
Jewellery
 s - a +3 ring of protection (right hand)
 t - a +3 ring of slaying (left hand)
 w - an uncursed amulet of guardian spirit
 x - an uncursed amulet of resist mutation
 y - a +4 ring of intelligence
 C - an uncursed ring of teleportation
 E - an uncursed amulet of warding
 F - an uncursed ring of positive energy
 K - an uncursed ring of see invisible
 L - an uncursed ring of protection from magic
 Q - an uncursed ring of flight
 W - an amulet of the gourmand (around neck)
Magical devices
 r - a wand of digging (5)
 B - a wand of fireball (1)
 H - a wand of digging (10)
 V - a wand of cold (14)
Scrolls
 d - 9 scrolls of remove curse
 e - a scroll of summoning
 i - 11 scrolls of identify
 j - 10 scrolls of teleportation
 k - 3 scrolls of fear
 l - 3 scrolls of magic mapping
 n - 2 scrolls of holy word
 o - 2 scrolls of blinking
 M - a scroll of fog
 P - a scroll of enchant weapon
Potions
 h - a potion of invisibility
 q - 2 potions of flight
 u - 14 potions of curing
 v - 4 potions of restore abilities
 z - 5 potions of resistance
 A - 3 potions of agility
 J - 3 potions of might
 R - a potion of magic
Comestibles
 c - 13 bread rations
 g - a slice of pizza
 G - a meat ration
 O - 5 chunks of flesh


   Skills:
 - Level 15.0 Fighting
 - Level 20.0 Axes
 + Level 10.1 Crossbows
 - Level 18.0 Armour
 - Level 10.1 Dodging


You had 15 spell levels left.
You didn't know any spells.

Dungeon Overview and Level Annotations

Branches:
Dungeon (15/15)            Temple (1/1) D:5            Lair (8/8) D:10
  Swamp (0/5) Lair:4        Snake (0/5) Lair:5        Slime (0/6) Lair:8
    Orc (4/4) D:9             Elf (0/3) Orc:4        Vaults (0/5) D:14
 Depths (1/5) D:15

Altars:
Ashenzari
Dithmenos
Fedhas
Gozag
Nemelex Xobeh
Okawaru
Sif Muna
Trog
Xom
Yredelemnul
The Shining One

Shops:
D:5 %   D:8 *   D:9 [   Orc:1 [   Orc:3 (   Orc:4 [=:(*   Depths:1 *


Innate Abilities, Weirdness & Mutations

You reflexively headbutt those who attack you in melee.
You have a pair of horns on your head.
You are agile. (Dex +2)
Your flesh is cold resistant.


Message History

Found a meat ration.
You slice the stone giant!!
The stone giant is moderately wounded.
The stone giant hits you!
* * * LOW HITPOINT WARNING * * *
You hit the stone giant but do no damage.
You headbutt the stone giant, but do no damage.
The stone giant is moderately wounded.
The stone giant hits you but does no damage.
You slash the stone giant!
The stone giant is moderately wounded.
The stone giant closely misses you.
You slice the stone giant!!
You headbutt the stone giant, but do no damage.
The stone giant is severely wounded.
The stone giant hits you but does no damage.
You slash the stone giant!
The stone giant is almost dead.
The stone giant hits you!!
You die...

........................
................>.......
.......)..(.()..(........
...........(.............
................(........
...............!.........
............($...........
........#.#..............
.≈≈≈≈######.....@........
.≈≈≈## #.....C........
.≈≈## #............. .≈##
#........$.... ###
##............ .#
#............ ##
..........% .# .........
.# ...


You could see a stone giant.

Vanquished Creatures
  Saint Roka (Orc:4)
  An acid blob (Lair:8)
  A frost giant (IceCv)
  The ghost of Musteatbrain the Severer, a powerful MiBe of Trog (Orc:4)
  An emperor scorpion (Depths:1)
  An orc warlord (Orc:4)
  A stone giant (Depths:1)
  4 rakshasas (Depths:1)
  A deep elf annihilator (D:14)
  Snorg (Lair:4)
  A fire dragon (Depths:1)
  An ettin (Depths:1)
  A yaktaur captain (D:14)
  The ghost of Vex the Grappler, a powerful TrMo of Xom (Lair:3)
  A minotaur (Lab)
  A great orb of eyes (Depths:1)
  2 catoblepae (Lair:8)
  3 centaur warriors
  9 hydras
  2 ice dragons (Depths:1)
  Erica (Lair:2)
  A vampire mage (Depths:1)
  18 death yaks
  Urug (D:13)
  The ghost of Vex the Ruffian, an experienced TrMo of Xom (D:8)
  An orc high priest (Orc:4)
  A fire crab (Lair:8)
  An unseen horror (D:10)
  A flayed ghost (D:14)
  A necromancer (D:14)
  An ice statue (IceCv)
  8 hill giants
  A wizard (D:14)
  2 deep elf conjurers (Depths:1)
  3 orc sorcerers (Orc:4)
  4 orc knights (Orc:4)
  A cyclops (D:12)
  A phantasmal warrior (D:14)
  9 ugly things
  An oklob plant (Lair:8)
  A griffon (Lair:7)
  17 elephants
  3 manticores
  4 black mambas
  A centaur zombie (D:11)
  An orange demon (Orc:4)
  A torpor snail (Lair:6)
  Psyche (Orc:4)
  A gargoyle (D:12)
  8 spiny frogs
  2 kobold demonologists
  A yaktaur (Depths:1)
  3 komodo dragons
  2 fire drakes (Lair:7)
  16 polar bears
  5 trolls
  A two-headed ogre (D:10)
  9 slime creatures
  A boulder beetle (shapeshifter) (Depths:1)
  A harpy skeleton (D:14)
  24 blink frogs
  A basilisk (Lair:5)
  53 yaks
  The ghost of Vex the Ruffian, an average TrMo (D:4)
  3 wyverns
  4 water elementals
  4 deep elf magi
  2 shadows (Lab)
  5 hippogriffs
  A human (D:4)
  4 vampire mosquitoes
  A neqoxec (D:14)
  2 wraiths
  4 wargs
  A steam dragon (D:9)
  23 wolves
  Edmund (D:5)
  2 deep elf fighters
  A hungry ghost (D:14)
  A soldier ant (D:14)
  13 water moccasins
  7 black bears
  3 sky beasts
  30 orc warriors
  12 ice beasts
  2 nagas (Lair:5)
  3 phantoms
  16 porcupines
  11 centaurs
  11 crocodiles
  11 ogres
  4 boring beetles
  A wasp (D:8)
  A necrophage (D:13)
  Blork the orc (D:7)
  18 giant frogs
  2 big kobolds
  A gnoll sergeant (D:8)
  7 scorpions
  5 killer bees (D:14)
  2 goliath beetles
  6 crimson imps
  3 electric eels
  A giant frog zombie (D:13)
  9 iguanas
  3 giant frog skeletons
  7 centaur skeletons
  15 orc priests
  25 orc wizards
  8 worker ants
  9 hounds
  14 sheep
  A killer bee zombie (D:8)
  Terence (D:3)
  A hound skeleton (D:5)
  A mummy (D:6)
  A worker ant zombie (D:5)
  19 adders
  69 river rats
  6 gnolls (D:8)
  A giant mite (D:6)
  4 shadow imps
  A white imp (D:14)
  3 worms
  2 adder zombies
  8 giant geckos
  145 orcs
  2 ball pythons
  20 bats
  5 giant cockroaches
  17 hobgoblins
  17 jackals
  21 kobolds
  6 quokkas
  A giant gecko skeleton (D:5)
  5 giant newts
  15 goblins
  A jackal skeleton (D:6)
  A jackal zombie (D:5)
  A kobold zombie (D:4)
  2 orc zombies (Orc:4)
  A quokka skeleton (D:7)
  12 rats
  6 bushes (D:15)
  10 fungi
  5 plants
982 creatures vanquished.

Vanquished Creatures (collateral kills)
  A fire giant (D:15)
  An ettin (Depths:1)
  Harold (Lair:5)
  A catoblepas (Lair:8)
  2 death yaks (Lair:8)
  2 deep elf knights (Depths:1)
  An orc knight (Orc:4)
  An orc sorcerer (Orc:4)
  2 elephants (Lair:8)
  A blink frog (Lair:5)
  2 yaks
  3 orc warriors (Orc:4)
  A porcupine (Lair:5)
  A water moccasin (Lair:8)
  A warg (Orc:4)
  An ogre (Orc:4)
  A jelly (D:15)
  An orc priest (Orc:4)
  An orc wizard (Orc:4)
  2 sheep (Lair:8)
  9 orcs (Orc:4)
36 creatures vanquished.

Vanquished Creatures (others)
  A deep troll (Depths:1)
  A sheep (Lair:8)
  An adder skeleton (D:8)
  A giant spore (D:8)
  9 fungi
  12 plants
25 creatures vanquished.

Grand Total: 1043 creatures vanquished

Notes
Turn   | Place    | Note
--------------------------------------------------------------
     0 | D:1      | Burgundious, the Minotaur Berserker, began the quest for the Orb.
     0 | D:1      | Reached XP level 1. HP: 19/19 MP: 1/1
   132 | D:1      | Reached skill level 4 in Axes
   224 | D:1      | Reached XP level 2. HP: 22/27 MP: 1/1
   461 | D:1      | Acquired Trog's second power
   741 | D:2      | Reached XP level 3. HP: 33/33 MP: 2/2
   796 | D:2      | Found an opulent altar of Gozag.
   860 | D:2      | Reached skill level 5 in Axes
  1428 | D:2      | Reached XP level 4. HP: 23/40 MP: 2/2
  1540 | D:2      | Reached skill level 6 in Axes
  1996 | D:3      | Noticed Terence
  2008 | D:3      | Killed Terence
  2664 | D:4      | Reached XP level 5. HP: 42/46 MP: 2/2
  2693 | D:4      | Noticed a human
  2694 | D:4      | Found a runed door.
  2837 | D:4      | Found a basalt altar of Yredelemnul.
  2858 | D:4      | Killed a human
  2858 | D:4      | Reached XP level 6. HP: 44/52 MP: 3/3
  3378 | D:4      | Reached skill level 7 in Armour
  3496 | D:4      | Acquired Trog's third power
  3512 | D:4      | Noticed Vex's ghost (average TrMo)
  3523 | D:4      | Killed Vex's ghost
  3523 | D:4      | Reached skill level 8 in Armour
  3523 | D:4      | Reached XP level 7. HP: 58/58 MP: 3/3
  3854 | D:5      | Entered Level 5 of the Dungeon
  3854 | D:5      | Found Nuifuochap's Food Boutique.
  3854 | D:5      | Noticed Edmund
  3864 | D:5      | Killed Edmund
  3957 | D:5      | Found a shadowy altar of Dithmenos.
  4069 | D:5      | Found a staircase to the Ecumenical Temple.
  4075 | Temple   | Entered the Ecumenical Temple
  4195 | D:5      | Reached XP level 8. HP: 62/66 MP: 3/3
  4782 | D:5      | Reached skill level 9 in Axes
  4821 | D:5      | Found a glowing golden altar of the Shining One.
  5577 | D:6      | Reached skill level 10 in Axes
  6104 | D:7      | Found a shattered altar of Ashenzari.
  6278 | D:7      | Noticed Blork the orc
  6286 | D:7      | Killed Blork the orc
  6286 | D:7      | Reached skill level 5 in Fighting
  6842 | D:8      | Noticed Vex's ghost (experienced TrMo)
  6856 | D:8      | Killed Vex's ghost
  6856 | D:8      | Reached XP level 9. HP: 74/74 MP: 4/4
  7119 | D:8      | Found a shimmering altar of Xom.
  7625 | D:8      | Reached skill level 10 in Armour
  7850 | D:8      | Found Wiac's General Store.
  7908 | D:8      | Found a deep blue altar of Sif Muna.
  7918 | D:8      | Received a gift from Trog
  8152 | D:9      | Reached skill level 11 in Armour
  8451 | D:8      | Reached XP level 10. HP: 49/81 MP: 4/4
  8666 | D:9      | Found a staircase to the Orcish Mines.
  8764 | D:9      | Found Geukhew's Armour Shop.
  8771 | D:9      | Bought the +2 pair of gloves "Ezum" {-Cast MR+ rCorr SInv} for 418 gold pieces
  8804 | D:9      | Found a bloodstained altar of Trog.
  9099 | D:10     | Entered Level 10 of the Dungeon
  9185 | D:10     | Reached skill level 12 in Armour
  9264 | D:10     | Found a staircase to the Lair.
  9481 | D:10     | Noticed a hill giant
  9482 | D:10     | Noticed an unseen horror
  9488 | D:10     | Killed a hill giant
  9495 | D:10     | Killed an unseen horror
  9545 | D:10     | Reached skill level 10 in Fighting
  9578 | D:10     | Received a gift from Trog
  9766 | D:10     | Noticed a hill giant
  9773 | D:10     | Killed a hill giant
  9773 | D:10     | Reached XP level 11. HP: 79/99 MP: 4/4
  9987 | Lair:1   | Entered Level 1 of the Lair of Beasts
 10370 | Lair:1   | Received a gift from Trog
 10890 | Lair:2   | Reached skill level 13 in Axes
 11285 | Lair:2   | Noticed Erica
 11291 | Lair:2   | Killed Erica
 11375 | Lair:2   | Reached skill level 14 in Axes
 11477 | Lair:2   | Received a gift from Trog
 12079 | Lair:3   | Noticed Vex's ghost (powerful TrMo)
 12094 | Lair:3   | Killed Vex's ghost
 12094 | Lair:3   | Reached skill level 15 in Axes
 12242 | Lair:3   | Found a shadowy altar of Dithmenos.
 12274 | Lair:3   | Noticed a six-headed hydra
 12286 | Lair:3   | Killed a five-headed hydra
 12299 | Lair:3   | Reached XP level 12. HP: 61/106 MP: 5/5
 12379 | Lair:3   | Noticed an eight-headed hydra
 12387 | Lair:3   | Killed a five-headed hydra
 12555 | Lair:3   | Reached skill level 16 in Axes
 12826 | Lair:3   | Noticed a five-headed hydra
 12832 | Lair:3   | Killed a two-headed hydra
 13118 | Lair:3   | Received a gift from Trog
 13583 | Lair:4   | Found a frozen archway.
 13598 | IceCv    | Entered an ice cave
 13603 | IceCv    | Reached skill level 17 in Axes
 13933 | IceCv    | Reached skill level 5 in Dodging
 14220 | IceCv    | Noticed a frost giant
 14247 | IceCv    | Killed a frost giant
 14278 | IceCv    | Gained mutation: Your flesh is cold resistant. [potion of beneficial mutation]
 14279 | IceCv    | Gained mutation: You are agile. (Dex +2) [potion of beneficial mutation]
 14593 | Lair:4   | Reached XP level 13. HP: 110/113 MP: 5/5
 14721 | Lair:4   | Found a staircase to the Swamp.
 14871 | Lair:4   | Noticed Snorg
 14884 | Lair:4   | Killed Snorg
 15076 | Lair:4   | Received a gift from Trog
 15101 | Lair:4   | Reached skill level 10 in Dodging
 15343 | Lair:5   | Noticed Harold
 15357 | Lair:5   | Killed Harold
 15478 | Lair:5   | Found a staircase to the Snake Pit.
 15810 | Lair:5   | Received a gift from Trog
 16241 | Lair:6   | Reached skill level 15 in Armour
 16715 | Lair:7   | Received a gift from Trog
 17370 | Lair:7   | Reached XP level 14. HP: 121/121 MP: 5/5
 17372 | Lair:7   | Received a gift from Trog
 17623 | Lair:8   | Entered Level 8 of the Lair of Beasts
 17777 | Lair:8   | Noticed an acid blob
 17788 | Lair:8   | Killed an acid blob
 17788 | Lair:8   | Reached skill level 18 in Axes
 18440 | Lair:8   | Received a gift from Trog
 18625 | Lair:8   | Found a staircase to the Slime Pits.
 18633 | Lair:8   | Reached skill level 19 in Axes
 18862 | Lair:8   | Reached skill level 20 in Axes
 19751 | D:11     | Received a gift from Trog
 20687 | D:12     | Reached XP level 15. HP: 117/132 MP: 6/6
 20961 | D:12     | Got a bloodstained rapier
 20963 | D:12     | Identified the +1 rapier of Biec {freeze, rC- Int+4 Dex+7 SInv} (You found it on level 12 of the Dungeon)
 21167 | D:13     | Received a gift from Trog
 21231 | D:13     | Noticed Urug
 21235 | D:13     | Killed Urug
 21783 | D:14     | Found a labyrinth entrance.
 21792 | Lab      | Entered a labyrinth
 22355 | Lab      | Got a faintly humming chain mail
 22358 | Lab      | Identified the Guide on the Blaze
 22369 | Lab      | Identified the cursed +0 chain mail "Braci" {MP+9 Str+2 Dex+2} (You took it off a minotaur in a labyrinth)
 22387 | Lab      | Identified the Papyrus of Lightness and Attacks (You found it in a labyrinth)
 22755 | D:14     | Found a gate to the Vaults.
 23077 | D:14     | Received a gift from Trog
 23181 | D:14     | Reached skill level 15 in Fighting
 23217 | D:14     | Identified the Tome of Earth and Attacks
 23287 | D:14     | Received a gift from Trog
 23759 | D:15     | Entered Level 15 of the Dungeon
 23789 | D:15     | Found a blossoming altar of Fedhas.
 24069 | D:15     | Found a staircase to the Depths.
 24553 | Orc:1    | Entered Level 1 of the Orcish Mines
 24828 | Orc:1    | Received a gift from Trog
 24829 | Orc:1    | Got a fine great mace {god gift}
 24830 | Orc:1    | Identified the +11 great mace of the Establishment {drain, +Rage rElec rF- rN+ Dex-2} (Trog gifted it to you on level 1 of the Orcish Mines)
 24871 | Orc:1    | Found Hantu's Armour Emporium.
 25827 | Orc:3    | Found Dyunwyge's Weapon Shoppe.
 25887 | Orc:4    | Entered Level 4 of the Orcish Mines
 25887 | Orc:4    | Found Mnerch's Book Shoppe.
 25898 | Orc:4    | Received a gift from Trog
 25913 | Orc:4    | Found Zurakiq's Antique Weapon Shop.
 25918 | Orc:4    | Noticed Saint Roka
 25932 | Orc:4    | Killed Saint Roka
 26014 | Orc:4    | Noticed Psyche
 26021 | Orc:4    | Killed Psyche
 26075 | Orc:4    | Found Steb's Antique Armour Boutique.
 26118 | Orc:4    | Bought a glowing plate armour for 736 gold pieces
 26178 | Orc:4    | Noticed Musteatbrain's ghost (powerful MiBe)
 26197 | Orc:4    | Killed Musteatbrain's ghost
 26211 | Orc:4    | Received a gift from Trog
 26217 | Orc:4    | Found Qamp's Jewellery Boutique.
 26219 | Orc:4    | Found a staircase to the Elven Halls.
 26360 | Orc:2    | Found a bloodstained altar of Trog.
 26860 | Orc:4    | Found Jesuis' General Store.
 26873 | Orc:4    | Reached XP level 16. HP: 141/149 MP: 6/6
 27105 | Orc:4    | Bought the +6 arbalest "Hellfire" {hellfire, rF++ rC- MR+} for 1785 gold pieces
 27312 | Depths:1 | Entered Level 1 of the Depths
 27520 | Depths:1 | Received a gift from Trog
 27649 | Depths:1 | Found Fobroi's Demolitions Depot.
 27919 | Depths:1 | Received a gift from Trog
 27954 | Depths:1 | Reached skill level 10 in Crossbows
 27960 | Depths:1 | HP: 6/149 [stone giant (12)]
 27964 | Depths:1 | Mangled by a stone giant

Action                   |  1- 3 |  4- 6 |  7- 9 | 10-12 | 13-15 | 16-18 || total
-------------------------+-------+-------+-------+-------+-------+-------++-------
Melee: Hand axe          |    99 |   148 |   138 |       |       |       ||   385
       War axe           |       |       |    78 |       |       |       ||    78
       Demon trident     |       |       |   148 |    30 |       |       ||   178
       Broad axe         |       |       |       |   325 |    28 |       ||   353
       Battleaxe         |       |       |       |   120 |   925 |    71 ||  1116
       Unarmed           |       |       |       |       |     1 |       ||     1
 Fire: Hand crossbow     |       |       |     4 |       |       |       ||     4
       Triple crossbow   |       |       |       |    12 |       |       ||    12
       Arbalest          |       |       |       |       |    18 |    21 ||    39
Invok: Berserk           |       |     1 |     3 |     8 |     5 |     1 ||    18
       Trog's Hand       |       |       |     1 |     2 |    10 |     2 ||    15
       Burn Spellbooks   |       |       |     1 |       |     7 |       ||     8
       Brothers in Arms  |       |       |       |     1 |     8 |     2 ||    11
Evoke: Wand              |       |       |       |       |     3 |       ||     3
  Use: Scroll            |       |       |     3 |    17 |    12 |     2 ||    34
       Potion            |       |       |     3 |    13 |     2 |       ||    18
 Stab: Distracted        |       |       |       |     1 |     1 |       ||     2
       Petrifying        |       |       |       |       |     1 |       ||     1
  Eat: Chunk             |     1 |     7 |    20 |    30 |    46 |     6 ||   110
       Beef jerky        |       |       |     1 |       |     1 |       ||     2
       Fruit             |       |       |       |       |     9 |       ||     9
